 Dungeon Crawl Stone Soup version 0.17-a0-2002-g92c7e20 (webtiles) character file.

2450 HungrySpirit the Basher (level 9, -1/84 HPs)
             Began as an Ogre Arcane Marksman on Oct 4, 2015.
             Was a Believer of Okawaru.
             Slain by a two-headed ogre
             ... wielding a +0 giant club
              (17 damage)
             ... on level 8 of the Dungeon on Oct 8, 2015.
             The game lasted 00:12:19 (8483 turns).

HungrySpirit the Basher (Ogre Arcane Marksman)      Turns: 8483, Time: 00:12:19

Health: -1/84      AC:  6    Str: 21    XL:     9   Next: 49%
Magic:  10/10      EV: 10    Int: 12    God:    Okawaru [**....]
Gold:   418        SH:  0    Dex:  9    Spells: 1 memorised, 9 levels left

rFire  . . .     SeeInvis .     p - +0 whip (drain)
rCold  + . .     Clarity  .     c - +0 robe
rNeg   . . .     SustAt   .     (no shield)
rPois  .         Gourm    .     (helmet restricted)
rElec  .         Spirit   .     m - +2 cloak
rCorr  .         Warding  .     (gloves unavailable)
rMut   .         Stasis   .     (boots unavailable)
MR     .....                    I - amulet of faith
Stlth  ++........               w - ring of stealth
                                E - ring of protection from cold

@: not resistant to hostile enchantments, unstealthy
A: unfitting armour, tough skin 1
a: Heroism, Renounce Religion


You were on level 8 of the Dungeon.
You worshipped Okawaru.
Okawaru was pleased with you.
You were hungry.

You visited 2 branches of the dungeon, and saw 9 of its levels.

You collected 418 gold pieces.

Inventory:

Hand Weapons
 p - a +0 whip of draining (weapon)
 L - a +0 giant spiked club
Missiles
 b - a throwing net (quivered)
Armour
 c - a +0 robe (worn)
 m - a +2 cloak (worn)
Jewellery
 a - an uncursed ring of flight
 w - a ring of stealth (right hand)
 E - a ring of protection from cold (left hand)
 G - an uncursed amulet of stasis
 I - an amulet of faith (around neck)
 K - an uncursed amulet of clarity
Wands
 v - a wand of fireball (8)
 J - a wand of disintegration (24)
Scrolls
 i - 2 scrolls of identify
 q - 3 scrolls of fear {unknown}
 s - 3 scrolls of remove curse {unknown}
 t - 2 scrolls of teleportation {unknown}
 u - a scroll of fog {unknown}
 z - a scroll of blinking {unknown}
 A - a scroll of enchant armour {unknown}
 C - 2 scrolls of enchant weapon {unknown}
Potions
 g - 2 potions of heal wounds
 k - 2 potions of agility
 l - a potion of might
 x - 4 potions of curing
 F - 2 potions of flight
 H - a potion of berserk rage
Books
 d - a book of Debilitation

   Spells                             Type                      Level
   a - Corona                         Hexes                        1
   b - Slow                           Hexes                        2
   c - Gell's Gravitas                Hexes/Translocation          3
   d - Inner Flame                    Hexes/Fire                   3
   e - Cause Fear                     Hexes                        4
   f - Leda's Liquefaction            Hexes/Earth                  4
Comestibles
 e - 9 bread rations
 f - 2 slices of pizza
 h - 2 beef jerkies
 j - 2 chunks of flesh
 o - 2 royal jellies
 r - 4 meat rations


   Skills:
 + Level 3.9 Fighting
 + Level 14.5 Maces & Flails
 - Level 2.1 Throwing
 + Level 1.7 Armour
 - Level 1.7 Dodging
 - Level 1.2 Spellcasting
 - Level 2.1 Hexes


You had 9 spell levels left.
You knew the following spells:

 Your Spells              Type           Power        Failure   Level  Hunger
a - Corona                Hex            #......      14%         1    ##.....


Dungeon Overview and Level Annotations

Branches:
Dungeon (8/15)             Temple (1/1) D:5
   Lair: D:8-11

Altars:
Ashenzari
Cheibriados
Elyvilon
Gozag
Kikubaaqudgha
Makhleb
Nemelex Xobeh
Okawaru
Qazlal
Ru
Sif Muna
Trog
Vehumet
Xom
Yredelemnul
Zin
The Shining One

Shops:
D:5 }


Innate Abilities, Weirdness & Mutations

You are too large for most types of armour.
You have tough skin (AC +1).


Message History

The two-headed ogre is moderately wounded.
You hit the two-headed ogre but do no damage.
The two-headed ogre is moderately wounded.
The two-headed ogre hits you with a giant club!!
The two-headed ogre barely misses you.
You hit the two-headed ogre.
The two-headed ogre is heavily wounded.
You hit the two-headed ogre but do no damage.
The two-headed ogre is heavily wounded.
The two-headed ogre closely misses you. x2
You hit the two-headed ogre. You drain the two-headed ogre!
The two-headed ogre is heavily wounded.
You hit the two-headed ogre.
The two-headed ogre is severely wounded.
You hit the two-headed ogre. You drain the two-headed ogre!
The two-headed ogre is almost dead.
The two-headed ogre hits you with a giant club!
* * * LOW HITPOINT WARNING * * *
The two-headed ogre hits you with a giant club!
You die...

.####..###..#
..#.........#
.....####..##
. ...###
##..## ..
..## ##..#
##..# ...#
##.## #...#
...# ##.##
#...# ...#
#..##..(#
>.## ##..@O.#
### ##...## #
##.## #. #.#
##... !..
#..... ....
....... ..##.
........ ...#
........


You could see a two-headed ogre.

Vanquished Creatures
  Prince Ribbit (D:7)
  A wyvern (D:8)
  Duvessa (D:7)
  An ice beast (D:5)
  An orc warrior (D:8)
  2 phantoms
  4 ogres
  4 centaurs
  Dowan (D:7)
  A giant frog (D:8)
  5 scorpions
  2 crimson imps
  An orc wizard (D:7)
  2 centaur zombies
  2 hounds (D:6)
  A jelly (D:6)
  2 centaur skeletons (D:5)
  2 giant frog skeletons
  A worker ant (D:4)
  A hound skeleton (D:5)
  6 gnolls (D:5)
  11 adders
  3 shadow imps
  An adder skeleton (D:6)
  3 worms
  4 giant geckos
  17 orcs
  4 giant cockroaches
  10 goblins
  4 hobgoblins
  7 jackals
  3 quokkas
  8 bats
  A giant gecko zombie (D:7)
  4 giant newts
  7 kobolds
  A quokka zombie (D:5)
  7 rats
137 creatures vanquished.

Notes
Turn   | Place    | Note
--------------------------------------------------------------
     0 | D:1      | HungrySpirit the Ogre Arcane Marksman began the quest for the Orb.
     0 | D:1      | Reached XP level 1. HP: 19/19 MP: 2/2
   476 | D:1      | Reached skill level 1 in Maces & Flails
   476 | D:1      | Reached XP level 2. HP: 25/28 MP: 3/3
  1014 | D:2      | Reached skill level 3 in Maces & Flails
  1014 | D:2      | Reached XP level 3. HP: 23/35 MP: 4/4
  1541 | D:2      | Reached skill level 4 in Maces & Flails
  1565 | D:2      | Reached XP level 4. HP: 9/42 MP: 5/5
  2014 | D:2      | Found a stormy altar of Qazlal.
  2582 | D:3      | Upgraded the game from 0.17-a0-1970-g7a13dd1 to 0.17-a0-2002-g92c7e20
  2685 | D:3      | Reached skill level 5 in Maces & Flails
  3057 | D:3      | Reached XP level 5. HP: 44/49 MP: 6/6
  3119 | D:3      | Found a deep blue altar of Sif Muna.
  3422 | D:4      | Reached skill level 6 in Maces & Flails
  3494 | D:4      | Found a sparkling altar of Nemelex Xobeh.
  3555 | D:4      | Found a glowing golden altar of the Shining One.
  3613 | D:4      | Found a white marble altar of Elyvilon.
  3613 | D:4      | Found a glowing silver altar of Zin.
  3807 | D:5      | Entered Level 5 of the Dungeon
  4041 | D:5      | Reached skill level 7 in Maces & Flails
  4041 | D:5      | Reached XP level 6. HP: 57/57 MP: 7/7
  4047 | D:5      | Noticed a centaur
  4061 | D:5      | Killed a centaur
  4202 | D:5      | Noticed an ice beast
  4221 | D:5      | Killed an ice beast
  4221 | D:5      | Reached skill level 8 in Maces & Flails
  4232 | D:5      | Reached XP level 7. HP: 34/65 MP: 8/8
  4388 | D:5      | Found a sparkling altar of Nemelex Xobeh.
  4407 | D:5      | Found a shattered altar of Ashenzari.
  4459 | D:5      | Noticed a centaur
  4467 | D:5      | Killed a centaur
  4467 | D:5      | Reached skill level 9 in Maces & Flails
  4742 | D:5      | Noticed an ogre
  4752 | D:5      | Killed an ogre
  4766 | D:5      | Found Omerutir's Gadget Emporium.
  5062 | D:5      | Found an ancient bone altar of Kikubaaqudgha.
  5075 | D:5      | Reached skill level 10 in Maces & Flails
  5476 | D:5      | Found a staircase to the Ecumenical Temple.
  5482 | Temple   | Entered the Ecumenical Temple
  5487 | Temple   | Became a worshipper of Warmaster Okawaru
  5763 | D:6      | Found a burning altar of Makhleb.
  5839 | D:6      | Reached skill level 11 in Maces & Flails
  5839 | D:6      | Reached XP level 8. HP: 66/72 MP: 9/9
  6199 | D:6      | Acquired Okawaru's first power
  6199 | D:6      | Reached skill level 12 in Maces & Flails
  6729 | D:7      | Noticed Duvessa
  6729 | D:7      | Noticed Dowan
  6760 | D:7      | Killed Duvessa
  6768 | D:7      | Killed Dowan
  6951 | D:7      | Noticed Prince Ribbit
  6967 | D:7      | Killed Prince Ribbit
  6967 | D:7      | Reached skill level 13 in Maces & Flails
  6988 | D:7      | Reached XP level 9. HP: 76/79 MP: 10/10
  7198 | D:7      | Reached skill level 14 in Maces & Flails
  7915 | D:8      | Reached skill level 1 in Armour
  8483 | D:8      | Slain by a two-headed ogre

Vault maps used:
D:1:      saegor_arrival_miasma, minmay_door_square
D:2:      nicolae_qazlal_general_emergency
D:3:      lemuel_blue_sif_altar
D:4:      good_gods_mini_temple, lemuel_doored_altar, first_bread
D:5:      nicolae_overflow_crystal_walls, kiku_gazebo_pond_becter,
          minmay_temple_entry_fiery, serial_shops, shop_fountains, basic_altar,
          kennysheep_generic_room_4
D:6:      lemuel_coloured_pillars_altar
D:7:      uniq_prince_ribbit1, uniq_duvessa
Temple:   temple_eino_lava_8

Action                   |  1- 3 |  4- 6 |  7- 9 || total
-------------------------+-------+-------+-------++-------
Melee: Unarmed           |     8 |       |       ||     8
       Dagger            |    15 |       |       ||    15
       Whip              |    78 |   176 |   416 ||   670
Throw: Large rock        |     3 |    27 |    15 ||    45
       Throwing net      |       |     1 |     1 ||     2
Invok: Heroism           |       |       |     1 ||     1
  Use: Potion            |     1 |     1 |       ||     2
       Scroll            |       |       |    12 ||    12
 Stab: Sleeping          |     1 |       |     6 ||     7
       Held in net/web   |       |       |     2 ||     2
  Eat: Chunk             |     2 |     8 |    10 ||    20
       Fruit             |       |       |     4 ||     4
